 Dungeon Crawl Stone Soup version 0.20-a0-830-g2c9a30d (console) character file.

2562 nht the Martial Artist (level 9, -6/64 HPs)
             Began as a Purple Draconian Transmuter on Mar 6, 2017.
             Was a Believer of Ru.
             Killed from afar by a steam dragon (20 damage)
             ... with a ball of steam
             ... on level 9 of the Dungeon.
             The game lasted 00:20:42 (8498 turns).

nht the Martial Artist (DrTm)                       Turns: 8498, Time: 00:20:42

Health: -6/64      AC:  2    Str: 12    XL:     9   Next: 31%
Magic:  12/12      EV: 21    Int: 16    God:    Ru [**....]
Gold:   369        SH:  0    Dex: 16    Spells: 4/12 levels left

rFire    . . .     SeeInvis .     - Unarmed
rCold    . . .     Gourm    .   (armour unavailable)
rNeg     . . .     Faith    .   (shield currently unavailable)
rPois    x         Spirit   .   (helmet currently unavailable)
rElec    .         Reflect  .   (cloak currently unavailable)
rCorr    .         Harm     .   (gloves currently unavailable)
MR       .....                  (boots currently unavailable)
Stlth    ++........             (no amulet)
Regen    0.2/turn               y - +2 ring of evasion
MPRegen  0.2/turn               n - ring of stealth

@: spider-form (expiring)
A: (breathe power), unfitting armour, (horns 0), clumsy 1, (electricity
resistance), (cold-blooded), magic vulnerability 1, inexperienced 1, AC +7
a: End Transformation, Renounce Religion


You were on level 9 of the Dungeon.
You worshipped Ru.
Ru was pleased with you.
You were hungry.
You were a venomous arachnid creature.
You visited 1 branch of the dungeon, and saw 10 of its levels.

You collected 369 gold pieces.

Inventory:

Missiles
 a - 133 arrows
Armour
 k - a +1 cloak (melded)
 q - a +0 pair of gloves (melded)
 C - a +0 hat (melded)
Jewellery
 g - an uncursed ring of fire
 n - a ring of stealth (left front leg)
 y - a +2 ring of evasion (right front leg)
Wands
 f - a wand of clouds (4/9)
 p - a wand of iceblast (9/15)
Scrolls
 o - a scroll of brand weapon {unknown}
 r - 6 scrolls of teleportation
 t - a scroll of magic mapping
 w - a scroll of remove curse
Potions
 d - 4 potions of flight
 i - 2 potions of curing
 m - 2 potions of haste
 s - 2 potions of resistance
 u - a potion of berserk rage {unknown}
 x - a potion of cancellation {unknown}
Books
 b - a book of Changes

   Spells                             Type                      Level
   a - Beastly Appendage              Transmutation                1
   b - Sticks to Snakes               Transmutation                2
   c - Spider Form                    Transmutation/Poison         3
   d - Ice Form                       Ice/Transmutation            4
   e - Blade Hands                    Transmutation                5
 e - a book of Misfortune

   Spells                             Type                      Level
   a - Confusing Touch                Hexes                        1
   b - Confuse                        Hexes                        3
   c - Gell's Gravitas                Translocation                3
   d - Petrify                        Transmutation/Earth          4
   e - Metabolic Englaciation         Hexes/Ice                    5
   f - Yara's Violent Unravelling     Hexes/Transmutation          5
 h - a book of Clouds

   Spells                             Type                      Level
   a - Poisonous Vapours              Poison/Air                   2
   b - Mephitic Cloud                 Conjuration/Poison/Air       3
   c - Conjure Flame                  Conjuration/Fire             3
   d - Freezing Cloud                 Conjuration/Ice/Air          6
   e - Ring of Flames                 Charms/Fire                  7
Comestibles
 c - 8 bread rations
 j - 3 meat rations
 l - 3 royal jellies
 v - a chunk of flesh
 B - 2 fruits


   Skills:
 - Level 1.1 Fighting
 - Level 1.7 Dodging
 * Level 11.8 Unarmed Combat
 - Level 2.4 Spellcasting
 + Level 8.1 Transmutations


You had 4 spell levels left.
You knew the following spells:

 Your Spells              Type           Power        Failure   Level  Hunger
a - Spider Form           Tmut/Pois      ##........   28%         3    ###....
b - Blade Hands           Tmut           ####......   41%         5    ######.


Dungeon Overview and Level Annotations

Branches:
Dungeon (10/15)            Temple (0/1) D:4            Lair (0/6) D:8
    Orc: D:9-12

Altars:
Ashenzari
Elyvilon
Nemelex Xobeh
Ru
Sif Muna
Yredelemnul
The Shining One

Shops:
D:4 }   D:5 }


Innate Abilities, Weirdness & Mutations

((You can breathe bolts of dispelling energy.))
((Your rich purple scales are hard. (AC +7)))
You cannot fit into any form of body armour.
((You are cold-blooded and may be slowed by cold attacks.))
You are slightly vulnerable to magic. (MR-)
You are somewhat inexperienced. (-2 XL)
((You have a pair of small horns on your head.))
You are clumsy. (Dex -2)
((You are resistant to electric shocks. (rElec)))


Message History

Your transformation is almost over.
You closely miss the killer bee.
Your surroundings suddenly seem different.
Your Transmutations skill increases to level 8!
You feel a bit more experienced.
Found an arbalest.
Found a stone staircase leading up.
A steam dragon comes into view.
The helpless steam dragon fails to defend itself.
You maul the steam dragon!!
The steam dragon is severely wounded.
You barely miss the steam dragon.
The steam dragon is severely wounded.
The steam dragon bites you!
* * * LOW HITPOINT WARNING * * *
The steam dragon closely misses you.
You bite the steam dragon!
The steam dragon is poisoned.
The steam dragon is almost dead.
The steam dragon breathes steam at you. The ball of steam hits you!
You die... █████████

█......)█
█.......+
█.......█
█.......█
+.......█
█..D..<.█
█.s.....█


██+██████ You could see a steam dragon.

Vanquished Creatures
  A queen bee (D:9)
  Edmund (D:4)
  A sky beast (D:5)
  2 ice beasts (D:5)
  A black bear (D:7)
  3 phantoms
  4 ogres
  4 bullfrogs
  2 scorpions
  19 killer bees (D:9)
  A howler monkey (D:5)
  4 crimson imps
  A bullfrog zombie (D:5)
  A hound (D:4)
  2 jellies
  An orc priest (D:6)
  A centaur zombie (D:5)
  A centaur skeleton (D:6)
  4 orc wizards
  A bullfrog skeleton (D:7)
  2 iguanas
  7 worker ants
  Natasha (twice) (D:4)
  A killer bee zombie (D:6)
  2 hound skeletons
  10 adders
  3 shadow imps
  An ooze (D:5)
  An adder skeleton (D:6)
  2 worms (D:2)
  4 leopard geckos
  18 orcs
  5 bats
  7 giant cockroaches
  4 goblins
  A hobgoblin (D:3)
  8 jackals
  8 kobolds
  A quokka (D:4)
  6 frilled lizards
  A jackal skeleton (D:5)
  A leopard gecko skeleton (D:8)
  6 rats
156 creatures vanquished.

Notes
Turn   | Place    | Note
-------+----------+-------------------------------------------
     0 | D:1      | nht the Draconian Transmuter began the quest for the Orb.
     0 | D:1      | Reached XP level 1. HP: 16/16 MP: 3/3
   330 | D:1      | Reached XP level 2. HP: 22/23 MP: 5/5
  1307 | D:2      | Gained mutation: You are clumsy. (Dex -2) [potion of mutation]
  1307 | D:2      | Gained mutation: You have a pair of small horns on your head. [potion of mutation]
  1307 | D:2      | Gained mutation: You are resistant to electric shocks. (rElec) [potion of mutation]
  1309 | D:2      | Reached skill level 4 in Unarmed Combat
  1309 | D:2      | Reached XP level 3. HP: 19/28 MP: 6/6
  1881 | D:3      | Found a sacrificial altar of Ru.
  1883 | D:3      | Noticed a phantom
  1970 | D:2      | Learned a level 3 spell: Spider Form
  2240 | D:3      | Reached XP level 4. HP: 21/35 MP: 3/7
  2296 | D:4      | Noticed Natasha
  2573 | D:4      | Reached skill level 5 in Unarmed Combat
  2588 | D:3      | Noticed a bullfrog
  2593 | D:3      | Killed a bullfrog
  2593 | D:3      | Reached XP level 5. HP: 40/40 MP: 0/8
  2674 | D:3      | Found a glowing golden altar of the Shining One.
  2816 | D:3      | Killed a phantom
  2816 | D:3      | Reached skill level 6 in Unarmed Combat
  2816 | D:3      | Reached XP level 6. HP: 27/47 MP: 2/9
  3073 | D:3      | Became a worshipper of Ru the Awakened
  3190 | D:4      | Found a staircase to the Ecumenical Temple.
  3198 | D:4      | Noticed Edmund
  3216 | D:4      | Killed Edmund
  3471 | D:4      | Found a deep blue altar of Sif Muna.
  3687 | D:4      | Reached skill level 7 in Unarmed Combat
  3687 | D:4      | Your scales start taking on a rich purple colour.
  3687 | D:4      | Reached XP level 7. HP: 36/52 MP: 6/10
  4015 | D:4      | Found Yvomuuxe's Gadget Boutique.
  4057 | D:4      | Killed Natasha
  4082 | D:4      | Noticed Natasha
  4094 | D:4      | Killed Natasha
  4541 | D:5      | Entered Level 5 of the Dungeon
  4554 | D:5      | Learned a level 5 spell: Blade Hands
  4618 | D:5      | Reached skill level 8 in Unarmed Combat
  4618 | D:5      | Reached skill level 5 in Transmutations
  4749 | D:5      | Reached XP level 8. HP: 59/59 MP: 9/11
  4844 | D:5      | Found Luoqoal's Gadget Boutique.
  4941 | D:5      | Reached skill level 9 in Unarmed Combat
  5011 | D:5      | Gained mutation: You are somewhat inexperienced. (-2 XL) [Ru sacrifice]
  5011 | D:5      | Reached XP level 7. HP: 52/52 MP: 9/10
  5011 | D:5      | Reached XP level 6. HP: 47/47 MP: 9/9
  5011 | D:5      | Reached * piety under Ru
  5362 | D:6      | Reached XP level 7. HP: 33/52 MP: 6/10
  5706 | D:6      | Found a sparkling altar of Nemelex Xobeh.
  6312 | D:7      | Reached skill level 10 in Unarmed Combat
  6817 | D:7      | Reached XP level 8. HP: 59/59 MP: 11/11
  7855 | D:8      | Gained mutation: You are slightly vulnerable to magic. (MR-) [Ru sacrifice]
  7855 | D:8      | Reached ** piety under Ru
  7884 | D:8      | Found a shattered altar of Ashenzari.
  8046 | D:8      | Found a staircase to the Lair.
  8171 | D:8      | Found a white marble altar of Elyvilon.
  8204 | D:9      | Found a basalt altar of Yredelemnul.
  8279 | D:9      | Reached skill level 11 in Unarmed Combat
  8312 | D:9      | Reached XP level 9. HP: 48/64 MP: 12/12
  8336 | D:10     | Entered Level 10 of the Dungeon
  8486 | D:9      | Noticed a queen bee
  8494 | D:9      | Killed a queen bee
  8498 | D:9      | Killed from afar by a steam dragon

Vault maps used:
D:1:      eino_arrival_water_star
D:2:      first_bread
D:3:      nicolae_ru_awakened_eye, lemuel_crystal_altar, minmay_joined_circles
D:4:      lemuel_blue_sif_altar, temple_pool_b, serial_shops, shop_fountains,
          uniq_edmund, uniq_natasha
D:5:      serial_shops, nicolae_shop_crystal, serial_bayou_crossing
D:6:      lemuel_ice_spiral_2, overflow_temple_1_default
D:8:      lemuel_round_altar, kennysheep_mini, lair_entry_dummy
D:9:      minitemple, yredelemnul_altar_generic, special_room, the_bakery,
          minmay_misc_feat_plants
D:10:     orc_0_dummy, hangedman_abyss_or_decor_stagger

Skill      XL: |  1  2  3  4  5  6  7  8  9 |
---------------+----------------------------+-----
Unarmed Combat | 4 5 6 7 10 11 | 11.8
Transmutations | 3 6 5 7 8 |  8.1
Fighting       | |  1.1
Dodging        | |  1.7
Spellcasting   | |  2.4

Action                   |  1- 3 |  4- 6 |  7- 9 || total
-------------------------+-------+-------+-------++-------
Melee: Unarmed           |   217 |   147 |   329 ||   693
       Tailslap          |    17 |     3 |     7 ||    27
       Kick              |     2 |       |       ||     2
       Headbutt          |     9 |     6 |     8 ||    23
       Punch             |     2 |     1 |     2 ||     5
 Cast: Beastly Appendage |     1 |       |       ||     1
       Spider Form       |     1 |    12 |    24 ||    37
Invok: Sacrifice Experie |       |     1 |       ||     1
       Sacrifice Essence |       |       |     1 ||     1
 Abil: Breathe Dispellin |       |     1 |       ||     1
  Use: Potion            |     5 |       |     7 ||    12
       Scroll            |     8 |     7 |     5 ||    20
 Stab: Sleeping          |       |     3 |     3 ||     6
       Invisible         |       |       |     2 ||     2
  Eat: Chunk             |     5 |     8 |    17 ||    30
Armor: Skin              |    75 |    29 |    96 ||   200
Dodge: Dodged            |   167 |   118 |   192 ||   477
